Blue Jackets vs Jets
(R2)
Created - 12 septembre 2014 at 19:02
Simulating a Pre-Season
Goals
|
| Blue Jackets |
1 |
0 |
0 |
1 |
| Jets |
2 |
0 |
1 |
3 |
|
Shots
|
| Blue Jackets |
12 |
12 |
11 |
35 |
| Jets |
9 |
7 |
9 |
25 |
|
1st period
1. Jets , Jussi Jokinen 2 (Dmitri Kalinin, Ilya Bryzgalov) at 14:34
2. Jets , Eric Brewer 1 (Ales Kotalik, Derek Roy) at 15:39 (PP)
3. Blue Jackets , David Booth 4 (Mike Commodore) at 19:35
Penalties :
Michal Rozsival (Win) for Roughing (Minor) at 0:22, Blake Wheeler (Clb) for Roughing (Minor) at 8:09, Pavel Bure (Clb) for Tripping (Minor) at 14:53
2nd period
No Goal
Penalties :
Derek Roy (Win) for Roughing (Minor) at 0:03, Adam Burish (Win) for Cross-checking (Minor) at 0:26, Ales Kotalik (Win) for Hooking (Minor) at 2:43, Branislav Mezei (Clb) for Interference (Minor) at 6:57, Mikko Koivu (Win) for Holding (Minor) at 10:28
3rd period
4. Jets , Ales Kotalik 4 (Niklas Hjalmarsson, Derek Roy) at 6:06 (PP)
Penalties :
Mikko Koivu (Win) for Holding (Minor) at 1:47, Branislav Mezei (Clb) for Charging (Minor) at 5:20, Dmitri Kalinin (Win) for Roughing (Minor) at 10:53, Blake Wheeler (Clb) for Goalie Interference (Minor) at 14:48, Ales Kotalik (Win) for Delaying the game (Minor) at 15:44
Goalie Stats
Rick DiPietro (Clb), 22 saves from 25 shots - (0,880), L, 2-2-0, 60:00 minutes
Ilya Bryzgalov (Win), 34 saves from 35 shots - (0,971), W, 2-1-0, 60:00 minutes
Players Stats for Blue Jackets
Player Name G A P +/- PIM S H SB GA TA FO MP PP MP PK MP
------------------------------------------------------------------------------------
Adam Deadmarsh 0 0 0 -1 0 0 2 0 0 0 0/0 7:43 0:00 0:00
Blake Wheeler 0 0 0 0 4 3 3 0 0 0 0/0 19:27 5:24 0:37
Brad Stuart 0 0 0 0 0 0 0 0 0 0 0/0 10:08 0:00 0:00
Branislav Mezei 0 0 0 -1 4 3 5 2 1 2 0/0 26:39 7:48 2:01
Chris Kelly 0 0 0 -1 0 2 0 0 0 0 4/11 13:49 5:24 0:28
Dave Steckel 0 0 0 0 0 2 0 0 0 0 1/2 7:57 0:00 0:00
David Booth 1 0 1 1 0 6 2 1 0 0 1/4 22:49 7:49 4:06
François Beauchemin 0 0 0 1 0 0 1 0 1 2 0/0 21:29 5:25 2:43
Jan Bulis 0 0 0 0 0 2 4 1 2 0 3/10 12:50 0:00 0:00
Jason Ward 0 0 0 0 0 4 0 0 1 0 0/0 7:57 0:00 0:00
Jeff Taffe 0 0 0 0 0 0 1 0 0 0 0/1 9:27 0:00 1:30
Kevin Bieksa 0 0 0 1 0 2 0 0 0 0 0/0 21:39 5:25 1:42
Marc Savard 0 0 0 1 0 3 1 0 0 1 18/26 22:42 7:49 4:01
Marcus Nilson 0 0 0 0 0 2 0 0 1 1 0/2 19:09 5:24 0:41
Mike Commodore 0 1 1 0 0 0 0 4 0 0 0/0 13:26 0:00 3:43
Pavel Bure 0 0 0 1 2 3 2 0 0 0 3/5 20:12 7:49 1:29
Ramzi Abid 0 0 0 -1 0 1 1 0 0 0 0/0 8:04 0:00 0:00
Wade Redden 0 0 0 -1 0 2 1 0 2 2 0/0 26:59 7:48 2:43
Players Stats for Jets
Player Name G A P +/- PIM S H SB GA TA FO MP PP MP PK MP
------------------------------------------------------------------------------------
Adam Burish 0 0 0 0 2 2 0 0 2 0 0/0 17:03 0:00 6:56
Ales Kotalik 1 1 2 -1 4 5 3 0 0 0 0/0 20:01 3:56 2:22
Benoit Pouliot 0 0 0 -1 0 2 2 0 1 0 1/2 18:36 3:57 0:59
Colin White 0 0 0 0 0 0 0 1 0 0 0/0 10:59 0:00 2:28
Darroll Powe 0 0 0 0 0 3 1 0 0 1 2/12 16:49 0:00 8:08
Derek Roy 0 2 2 -1 2 1 1 0 1 1 17/31 17:53 3:57 0:31
Dmitri Kalinin 0 1 1 0 2 0 0 1 1 1 0/0 19:53 2:46 4:29
Eric Brewer 1 0 1 0 0 1 2 3 1 4 0/0 31:08 3:40 7:36
Eric Fehr 0 0 0 1 0 0 1 0 0 0 0/0 9:06 2:29 0:00
Fredrik Sjostrom 0 0 0 1 0 1 1 0 1 0 1/1 9:51 0:00 2:05
Greg Campbell 0 0 0 1 0 2 1 0 0 0 5/10 12:03 0:00 3:31
Jussi Jokinen 1 0 1 0 0 1 1 0 0 0 1/1 12:42 2:29 0:17
Marek Zidlicky 0 0 0 0 0 1 1 0 0 0 0/0 14:50 0:00 5:37
Mats Zuccarello 0 0 0 0 0 0 1 1 0 0 0/0 8:35 0:00 0:00
Michal Rozsival 0 0 0 0 2 0 2 0 0 1 0/0 29:25 3:40 6:16
Mikko Koivu 0 0 0 0 4 1 4 1 1 0 4/4 12:42 2:29 0:00
Niklas Hjalmarsson 0 1 1 0 0 4 1 0 0 0 0/0 13:49 2:46 0:00
Tuomo Ruutu 0 0 0 0 0 1 0 1 0 0 0/0 8:35 0:00 0:00
3 Stars
1 - Ilya Bryzgalov (Win)
2 - David Booth (Clb)
3 - Eric Brewer (Win)
Power Play
Blue Jackets - 0 on 8 Attempt(s) - 0,00%
Jets - 2 on 5 Attempt(s) - 40,00%
Penalty Kill
Blue Jackets - 3 on 5 Attempt(s) - 60,00%
- Score 0 goal in Penalty Kill
Jets - 8 on 8 Attempt(s) - 100,00%
- Score 0 goal in Penalty Kill
Official
Referees : Walsh Ian and Ciamaga Chris
Linesman : Scott Cherrey and Andy McElman
Game Notes
No Game Note
Blue Jackets
5 vs 5 Forward
Center Left Wing Right Wing Time % Phy DF OF
1 Marc Savard David Booth Pavel Bure 40 1 2 2
2 Jan Bulis Marcus Nilson Blake Wheeler 30 1 2 2
3 Chris Kelly Ramzi Abid Adam Deadmarsh 20 1 2 2
4 Dave Steckel Jeff Taffe Jason Ward 10 1 2 2
5 vs 5 Defense
Defense Defense Time % Phy DF OF
1 Branislav Mezei Wade Redden 40 1 2 2
2 Kevin Bieksa François Beauchemin 30 1 2 2
3 Brad Stuart Mike Commodore 20 1 2 2
4 Branislav Mezei Wade Redden 10 1 2 2
PowerPlay Forward
Center Left Wing Right Wing Time % Phy DF OF
1 Marc Savard David Booth Pavel Bure 60 1 2 2
2 Chris Kelly Marcus Nilson Blake Wheeler 40 1 2 2
PowerPlay Defense
Defense Defense Time % Phy DF OF
1 Branislav Mezei Wade Redden 60 1 2 2
2 Kevin Bieksa François Beauchemin 40 1 2 2
Penalty Kill 4 Players Forward
Center Wing Time % Phy DF OF
1 Marc Savard David Booth 60 1 2 2
2 Pavel Bure Blake Wheeler 40 1 2 2
Penalty Kill 4 Players Defense
Defense Defense Time % Phy DF OF
1 Mike Commodore Branislav Mezei 60 1 2 2
2 François Beauchemin Wade Redden 40 1 2 2
Penalty Kill - 3 Players Forward
Forward Time % Phy DF OF
1 Marc Savard 60 1 2 2
2 David Booth 40 1 2 2
Penalty Kill - 3 Players Defense
Defense Defense Time % Phy DF OF
1 Mike Commodore Branislav Mezei 60 1 2 2
2 Wade Redden François Beauchemin 40 1 2 2
4 vs 4 Forward
Center Wing Time % Phy DF OF
1 Marc Savard David Booth 60 1 2 2
2 Pavel Bure Blake Wheeler 40 1 2 2
4 vs 4 Defense
Defense Defense Time % Phy DF OF
1 Branislav Mezei Wade Redden 60 1 2 2
2 Kevin Bieksa François Beauchemin 40 1 2 2
Last Minutes Offensive
Center Left Wing Right Wing Defense Defense
Marc Savard David Booth Pavel Bure Branislav Mezei Wade Redden
Last Minutes Defensive
Center Left Wing Right Wing Defense Defense
Marc Savard David Booth Pavel Bure Branislav Mezei Wade Redden
Goaltenders
Starting : Rick DiPietro
Backup : Mathieu Garon
Extra Forwards
Normal : Ramzi Abid, Jan Bulis, Jeff Taffe - PP : Ramzi Abid, Jan Bulis - PK : Jeff Taffe
Extra Defensemen
Normal : Brad Stuart, Mike Commodore, Kevin Bieksa - PP : Brad Stuart - PK : Mike Commodore, Kevin Bieksa
Penalty Shots
Marc Savard, David Booth, Pavel Bure, Blake Wheeler, Chris Kelly
Jets
5 vs 5 Forward
Center Left Wing Right Wing Time % Phy DF OF
1 Derek Roy Benoit Pouliot Ales Kotalik 40 1 1 3
2 Mikko Koivu Jussi Jokinen Adam Burish 30 1 1 3
3 Greg Campbell Fredrik Sjostrom Eric Fehr 17 1 2 2
4 Darroll Powe Mats Zuccarello Tuomo Ruutu 13 1 2 2
5 vs 5 Defense
Defense Defense Time % Phy DF OF
1 Michal Rozsival Eric Brewer 40 2 2 1
2 Dmitri Kalinin Niklas Hjalmarsson 30 2 2 1
3 Marek Zidlicky Colin White 20 2 2 1
4 Eric Brewer Michal Rozsival 10 2 2 1
PowerPlay Forward
Center Left Wing Right Wing Time % Phy DF OF
1 Derek Roy Benoit Pouliot Ales Kotalik 60 1 1 3
2 Mikko Koivu Jussi Jokinen Eric Fehr 40 1 1 3
PowerPlay Defense
Defense Defense Time % Phy DF OF
1 Michal Rozsival Eric Brewer 60 1 1 3
2 Dmitri Kalinin Niklas Hjalmarsson 40 1 1 3
Penalty Kill 4 Players Forward
Center Wing Time % Phy DF OF
1 Darroll Powe Adam Burish 60 1 3 1
2 Greg Campbell Ales Kotalik 40 1 3 1
Penalty Kill 4 Players Defense
Defense Defense Time % Phy DF OF
1 Michal Rozsival Eric Brewer 60 1 4 0
2 Dmitri Kalinin Marek Zidlicky 40 1 4 0
Penalty Kill - 3 Players Forward
Forward Time % Phy DF OF
1 Darroll Powe 60 0 4 1
2 Greg Campbell 40 0 4 1
Penalty Kill - 3 Players Defense
Defense Defense Time % Phy DF OF
1 Michal Rozsival Eric Brewer 60 1 4 0
2 Dmitri Kalinin Marek Zidlicky 40 1 4 0
4 vs 4 Forward
Center Wing Time % Phy DF OF
1 Benoit Pouliot Derek Roy 60 1 2 2
2 Mikko Koivu Ales Kotalik 40 1 2 2
4 vs 4 Defense
Defense Defense Time % Phy DF OF
1 Michal Rozsival Eric Brewer 60 1 2 2
2 Dmitri Kalinin Marek Zidlicky 40 1 2 2
Last Minutes Offensive
Center Left Wing Right Wing Defense Defense
Derek Roy Benoit Pouliot Ales Kotalik Michal Rozsival Eric Brewer
Last Minutes Defensive
Center Left Wing Right Wing Defense Defense
Greg Campbell Jussi Jokinen Ales Kotalik Michal Rozsival Eric Brewer
Goaltenders
Starting : Ilya Bryzgalov
Backup : Maxime Daigneault
Extra Forwards
Normal : Greg Campbell, Ales Kotalik, Fredrik Sjostrom - PP : Greg Campbell, Ales Kotalik - PK : Fredrik Sjostrom
Extra Defensemen
Normal : Dmitri Kalinin, Michal Rozsival, Eric Brewer - PP : Michal Rozsival - PK : Michal Rozsival, Eric Brewer
Penalty Shots
Benoit Pouliot, Derek Roy, Mikko Koivu, Ales Kotalik, Adam Burish
% Time on Ice - Blue Jackets
Lines # - Real PCT - Wanted PCT - Time Play
Normal Forward
1 - 26% - 40% - 10:10
2 - 34% - 30% - 13:28
3 - 20% - 20% - 7:43
4 - 20% - 10% - 7:57
Normal Defense
1 - 40% - 40% - 15:49
2 - 37% - 30% - 14:35
3 - 23% - 20% - 8:54
4 - 0% - 10% - 0:00
PP Forward
1 - 59% - 60% - 7:49
2 - 41% - 40% - 5:24
PP Defense
1 - 59% - 60% - 7:48
2 - 41% - 40% - 5:25
PK Forward
1 - 75% - 60% - 4:51
2 - 25% - 40% - 1:35
PK Defense
1 - 58% - 60% - 3:43
2 - 42% - 40% - 2:43
PK3 Forward
1 - 0% - 60%
2 - 0% - 40%
PK3 Defense
1 - 0% - 60%
2 - 0% - 40%
44 Forward
1 - 67% - 60% - 0:42
2 - 33% - 40% - 0:21
44 Defense
1 - 100% - 60% - 1:03
2 - 0% - 40% - 0:00
Last Minute Offensive - 0:00
Last Minute Defensive - 0:00
Total
Forward - 60:00
Defense - 60:00
|
% Time on Ice - Jets
Lines # - Real PCT - Wanted PCT - Time Play
Normal Forward
1 - 33% - 40% - 12:50
2 - 28% - 30% - 10:57
3 - 18% - 17% - 6:56
4 - 22% - 13% - 8:35
Normal Defense
1 - 47% - 40% - 18:30
2 - 32% - 30% - 12:34
3 - 18% - 20% - 7:11
4 - 3% - 10% - 1:03
PP Forward
1 - 61% - 60% - 3:57
2 - 39% - 40% - 2:29
PP Defense
1 - 57% - 60% - 3:40
2 - 43% - 40% - 2:46
PK Forward
1 - 72% - 60% - 8:20
2 - 28% - 40% - 3:17
PK Defense
1 - 56% - 60% - 6:33
2 - 44% - 40% - 5:04
PK3 Forward
1 - 85% - 60% - 1:22
2 - 15% - 40% - 0:14
PK3 Defense
1 - 66% - 60% - 1:03
2 - 34% - 40% - 0:33
44 Forward
1 - 100% - 60% - 1:03
2 - 0% - 40% - 0:00
44 Defense
1 - 43% - 60% - 0:27
2 - 57% - 40% - 0:36
Last Minute Offensive - 0:00
Last Minute Defensive - 0:00
Total
Forward - 60:00
Defense - 60:00
|
Play by Play
1st period
0:01 of 1st period - Marc Savard wins face-off versus Derek Roy in neutral zone.
0:22 of 1st period - Minor Penalty to Michal Rozsival for Roughing.
0:23 of 1st period - Marc Savard wins face-off versus Darroll Powe in Jets zone.
0:32 of 1st period - Snap shot by Marc Savard.
0:32 of 1st period - Stopped by Ilya Bryzgalov without a rebound.
0:33 of 1st period - Marc Savard wins face-off versus Darroll Powe in Jets zone.
0:56 of 1st period - Eric Brewer is hit by Branislav Mezei and loses puck.
1:11 of 1st period - Snap shot by David Booth.
1:11 of 1st period - Stopped by Ilya Bryzgalov with a rebound.
1:13 of 1st period - Wrist shot by Pavel Bure.
1:13 of 1st period - Shot Misses the Net.
1:15 of 1st period - Snap shot by Pavel Bure.
1:15 of 1st period - Stopped by Ilya Bryzgalov with a rebound.
1:17 of 1st period - Snap shot by David Booth.
1:17 of 1st period - Stopped by Ilya Bryzgalov without a rebound.
1:18 of 1st period - Chris Kelly wins face-off versus Darroll Powe in Jets zone.
1:27 of 1st period - Wrist shot by Marcus Nilson.
1:27 of 1st period - Shot Misses the Net.
1:29 of 1st period - Slapshot by Kevin Bieksa.
1:29 of 1st period - Stopped by Ilya Bryzgalov with a rebound.
2:22 of 1st period - Penalty to Michal Rozsival is over, Michal Rozsival is back on ice.
2:51 of 1st period - Slapshot by Eric Brewer.
2:51 of 1st period - Shot Misses the Net.
3:11 of 1st period - Wrist shot by Adam Burish.
3:11 of 1st period - Shot Blocked by Jan Bulis.
3:13 of 1st period - Wrist shot by Darroll Powe.
3:13 of 1st period - Shot Misses the Net.
3:15 of 1st period - Wrist shot by Eric Brewer.
3:15 of 1st period - Shot Misses the Net.
4:04 of 1st period - Wade Redden is hit by Mikko Koivu and loses puck.
5:24 of 1st period - Wrist shot by Jason Ward.
5:24 of 1st period - Stopped by Ilya Bryzgalov with a rebound.
5:36 of 1st period - Michal Rozsival is hit by Jan Bulis and loses puck.
5:40 of 1st period - Icing by Michal Rozsival.
5:41 of 1st period - Mikko Koivu wins face-off versus Jan Bulis in Jets zone.
5:41 of 1st period - Mikko Koivu is hit by Jan Bulis.
5:51 of 1st period - Slapshot by Adam Burish.
5:51 of 1st period - Shot Misses the Net.
6:03 of 1st period - Wade Redden is hit by Mats Zuccarello and loses puck.
6:48 of 1st period - Kevin Bieksa is hit by Ales Kotalik and loses puck.
7:12 of 1st period - Snap shot by Marcus Nilson.
7:12 of 1st period - Shot Misses the Net.
7:29 of 1st period - Snap shot by Pavel Bure.
7:29 of 1st period - Stopped by Ilya Bryzgalov with a rebound.
7:35 of 1st period - Marc Savard is hit by Mikko Koivu and loses puck.
7:46 of 1st period - Wrist shot by Fredrik Sjostrom.
7:46 of 1st period - Stopped by Rick DiPietro with a rebound.
7:48 of 1st period - Snap shot by Fredrik Sjostrom.
7:48 of 1st period - Shot Misses the Net.
7:50 of 1st period - Slapshot by Marek Zidlicky.
7:50 of 1st period - Stopped by Rick DiPietro with a rebound.
7:56 of 1st period - Snap shot by Greg Campbell.
7:56 of 1st period - Stopped by Rick DiPietro without a rebound.
7:57 of 1st period - Derek Roy wins face-off versus Jan Bulis in Blue Jackets zone.
8:06 of 1st period - Slapshot by Ales Kotalik.
8:06 of 1st period - Stopped by Rick DiPietro without a rebound.
8:07 of 1st period - Jan Bulis wins face-off versus Derek Roy in Blue Jackets zone.
8:09 of 1st period - Minor Penalty to Blake Wheeler for Roughing.
8:10 of 1st period - Derek Roy wins face-off versus Marc Savard in Blue Jackets zone.
8:21 of 1st period - Snap shot by Benoit Pouliot.
8:21 of 1st period - Shot Blocked by Mike Commodore.
8:23 of 1st period - Wrist shot by Derek Roy.
8:23 of 1st period - Shot Misses the Net.
8:25 of 1st period - Snap shot by Michal Rozsival.
8:25 of 1st period - Shot Blocked by Mike Commodore.
8:27 of 1st period - Snap shot by Ales Kotalik.
8:27 of 1st period - Stopped by Rick DiPietro with a rebound.
8:37 of 1st period - Mike Commodore is hit by Eric Fehr and loses puck.
8:44 of 1st period - Snap shot by Mikko Koivu.
8:44 of 1st period - Shot Misses the Net.
10:09 of 1st period - Penalty to Blake Wheeler is over, Blake Wheeler is back on ice.
11:39 of 1st period - Slapshot by Chris Kelly.
11:39 of 1st period - Stopped by Ilya Bryzgalov with a rebound.
11:41 of 1st period - Slapshot by Brad Stuart.
11:41 of 1st period - Shot Misses the Net.
12:21 of 1st period - Greg Campbell is hit by Blake Wheeler and loses puck.
12:47 of 1st period - Off-side.
12:48 of 1st period - Derek Roy wins face-off versus Chris Kelly in neutral zone.
13:00 of 1st period - Eric Brewer is hit by Branislav Mezei and loses puck.
13:20 of 1st period - Eric Brewer is hit by Blake Wheeler and loses puck.
13:37 of 1st period - Niklas Hjalmarsson is hit by Pavel Bure and loses puck.
13:42 of 1st period - Wrist shot by David Booth.
13:42 of 1st period - Deflect By Pavel Bure.
13:42 of 1st period - Shot Misses the Net.
13:42 of 1st period - Puck is out of play.
13:43 of 1st period - Pavel Bure wins face-off versus Derek Roy in Jets zone.
13:46 of 1st period - Slapshot by David Booth.
13:46 of 1st period - Stopped by Ilya Bryzgalov without a rebound.
13:47 of 1st period - Pavel Bure wins face-off versus Derek Roy in Jets zone.
13:58 of 1st period - Snap shot by Marc Savard.
13:58 of 1st period - Shot Blocked by Dmitri Kalinin.
14:00 of 1st period - Wrist shot by Pavel Bure.
14:00 of 1st period - Shot Misses the Net.
14:34 of 1st period - Wrist shot by Jussi Jokinen.
14:34 of 1st period - Goal by Jussi Jokinen - Blue Jackets : 0 - Jets : 1.
14:35 of 1st period - Marc Savard wins face-off versus Derek Roy in neutral zone.
14:53 of 1st period - Minor Penalty to Pavel Bure for Tripping.
14:54 of 1st period - Marc Savard wins face-off versus Derek Roy in Blue Jackets zone.
15:20 of 1st period - Mike Commodore is hit by Mikko Koivu and loses puck.
15:25 of 1st period - Snap shot by Jussi Jokinen.
15:25 of 1st period - Shot Blocked by Branislav Mezei.
15:31 of 1st period - Snap shot by Jussi Jokinen.
15:31 of 1st period - Shot Misses the Net.
15:33 of 1st period - Snap shot by Mikko Koivu.
15:33 of 1st period - Stopped by Rick DiPietro without a rebound.
15:34 of 1st period - Derek Roy wins face-off versus Jeff Taffe in Blue Jackets zone.
15:35 of 1st period - Snap shot by Ales Kotalik.
15:35 of 1st period - Shot Hit the Post.
15:37 of 1st period - Snap shot by Eric Brewer.
15:37 of 1st period - Shot Misses the Net.
15:39 of 1st period - Slapshot by Eric Brewer.
15:39 of 1st period - Goal by Eric Brewer - Blue Jackets : 0 - Jets : 2.
15:40 of 1st period - Derek Roy wins face-off versus Marc Savard in neutral zone.
15:51 of 1st period - Snap shot by Benoit Pouliot.
15:51 of 1st period - Deflect By Ales Kotalik.
15:51 of 1st period - Shot Blocked by Branislav Mezei.
15:51 of 1st period - Puck is out of play.
15:52 of 1st period - Marc Savard wins face-off versus Derek Roy in Blue Jackets zone.
16:28 of 1st period - Jussi Jokinen is hit by Jan Bulis and loses puck.
16:45 of 1st period - Adam Deadmarsh is hit by Michal Rozsival and loses puck.
17:06 of 1st period - Wrist shot by Darroll Powe.
17:06 of 1st period - Stopped by Rick DiPietro with a rebound.
17:12 of 1st period - Wrist shot by Jeff Taffe.
17:12 of 1st period - Shot Misses the Net.
17:42 of 1st period - Snap shot by Marcus Nilson.
17:42 of 1st period - Stopped by Ilya Bryzgalov with a rebound.
17:46 of 1st period - Wrist shot by Jan Bulis.
17:46 of 1st period - Stopped by Ilya Bryzgalov with a rebound.
17:48 of 1st period - Wrist shot by Branislav Mezei.
17:48 of 1st period - Shot Misses the Net.
17:50 of 1st period - Wrist shot by Jan Bulis.
17:50 of 1st period - Shot Misses the Net.
18:32 of 1st period - Jussi Jokinen is hit by Jeff Taffe and loses puck.
19:35 of 1st period - Snap shot by David Booth.
19:35 of 1st period - Goal by David Booth - Blue Jackets : 1 - Jets : 2.
19:36 of 1st period - Derek Roy wins face-off versus Jan Bulis in neutral zone.
19:43 of 1st period - Backhand shot by Benoit Pouliot.
19:43 of 1st period - Deflect By Derek Roy.
19:43 of 1st period - Shot Misses the Net.
19:43 of 1st period - Puck is out of play.
19:44 of 1st period - Derek Roy wins face-off versus Jan Bulis in Blue Jackets zone.
19:53 of 1st period - Snap shot by Marcus Nilson.
19:53 of 1st period - Shot Misses the Net.
Goals for this period are 1 for Blue Jackets vs 2 for Jets.
Shots for this period are 12 for Blue Jackets vs 9 for Jets.
2nd period
0:01 of 2nd period - Benoit Pouliot wins face-off versus Marc Savard in neutral zone.
0:03 of 2nd period - Minor Penalty to Derek Roy for Roughing.
0:04 of 2nd period - Marc Savard wins face-off versus Darroll Powe in Jets zone.
0:26 of 2nd period - Minor Penalty to Adam Burish for Cross-checking.
0:27 of 2nd period - Marc Savard wins face-off versus Darroll Powe in Jets zone.
0:36 of 2nd period - Snap shot by Marc Savard.
0:36 of 2nd period - Shot Blocked by Eric Brewer.
1:13 of 2nd period - Snap shot by David Booth.
1:13 of 2nd period - Stopped by Ilya Bryzgalov without a rebound.
1:14 of 2nd period - Chris Kelly wins face-off versus Greg Campbell in Jets zone.
1:46 of 2nd period - Off-side.
1:47 of 2nd period - Fredrik Sjostrom wins face-off versus Chris Kelly in neutral zone.
2:03 of 2nd period - Penalty to Derek Roy is over, Derek Roy is back on ice.
2:26 of 2nd period - Penalty to Adam Burish is over, Adam Burish is back on ice.
2:40 of 2nd period - Snap shot by Jason Ward.
2:40 of 2nd period - Stopped by Ilya Bryzgalov without a rebound.
2:41 of 2nd period - Derek Roy wins face-off versus Jan Bulis in Jets zone.
2:43 of 2nd period - Minor Penalty to Ales Kotalik for Hooking.
2:44 of 2nd period - Darroll Powe wins face-off versus Pavel Bure in Jets zone.
3:34 of 2nd period - Marc Savard is hit by Marek Zidlicky and loses puck.
4:43 of 2nd period - Penalty to Ales Kotalik is over, Ales Kotalik is back on ice.
5:17 of 2nd period - Snap shot by Dave Steckel.
5:17 of 2nd period - Stopped by Ilya Bryzgalov without a rebound.
5:18 of 2nd period - Dave Steckel wins face-off versus Darroll Powe in Jets zone.
5:19 of 2nd period - Snap shot by Jason Ward.
5:19 of 2nd period - Shot Misses the Net.
5:30 of 2nd period - Mike Commodore is hit by Darroll Powe and loses puck.
5:43 of 2nd period - Snap shot by Marcus Nilson.
5:43 of 2nd period - Shot Misses the Net.
6:01 of 2nd period - Snap shot by Greg Campbell.
6:01 of 2nd period - Stopped by Rick DiPietro with a rebound.
6:31 of 2nd period - Snap shot by Chris Kelly.
6:31 of 2nd period - Stopped by Ilya Bryzgalov with a rebound.
6:57 of 2nd period - Minor Penalty to Branislav Mezei for Interference.
6:58 of 2nd period - Derek Roy wins face-off versus David Booth in Blue Jackets zone.
7:03 of 2nd period - Snap shot by Derek Roy.
7:03 of 2nd period - Shot Misses the Net.
7:05 of 2nd period - Slapshot by Niklas Hjalmarsson.
7:05 of 2nd period - Deflect By François Beauchemin.
7:05 of 2nd period - Stopped by Rick DiPietro without a rebound.
7:06 of 2nd period - Derek Roy wins face-off versus Marc Savard in Blue Jackets zone.
7:09 of 2nd period - Snap shot by Benoit Pouliot.
7:09 of 2nd period - Stopped by Rick DiPietro without a rebound.
7:10 of 2nd period - Marc Savard wins face-off versus Derek Roy in Blue Jackets zone.
7:10 of 2nd period - Marc Savard is hit by Ales Kotalik.
7:26 of 2nd period - Snap shot by Benoit Pouliot.
7:26 of 2nd period - Shot Misses the Net.
7:42 of 2nd period - Pavel Bure is hit by Mikko Koivu and loses puck.
7:57 of 2nd period - Wade Redden is hit by Niklas Hjalmarsson.
8:57 of 2nd period - Penalty to Branislav Mezei is over, Branislav Mezei is back on ice.
9:18 of 2nd period - Wrist shot by Blake Wheeler.
9:18 of 2nd period - Stopped by Ilya Bryzgalov without a rebound.
9:19 of 2nd period - Greg Campbell wins face-off versus Chris Kelly in Jets zone.
9:19 of 2nd period - Greg Campbell is hit by Adam Deadmarsh.
9:25 of 2nd period - Snap shot by Ramzi Abid.
9:25 of 2nd period - Stopped by Ilya Bryzgalov without a rebound.
9:26 of 2nd period - Greg Campbell wins face-off versus Chris Kelly in Jets zone.
9:26 of 2nd period - Greg Campbell is hit by Branislav Mezei.
9:36 of 2nd period - Snap shot by Greg Campbell.
9:36 of 2nd period - Deflect By Adam Burish.
9:36 of 2nd period - Stopped by Rick DiPietro without a rebound.
9:37 of 2nd period - Derek Roy wins face-off versus Marc Savard in Blue Jackets zone.
10:11 of 2nd period - Snap shot by Blake Wheeler.
10:11 of 2nd period - Deflect By Adam Burish.
10:11 of 2nd period - Stopped by Ilya Bryzgalov without a rebound.
10:12 of 2nd period - Mikko Koivu wins face-off versus Marcus Nilson in Jets zone.
10:28 of 2nd period - Minor Penalty to Mikko Koivu for Holding.
10:29 of 2nd period - Marc Savard wins face-off versus Darroll Powe in Jets zone.
11:03 of 2nd period - Snap shot by Chris Kelly.
11:03 of 2nd period - Shot Misses the Net.
11:05 of 2nd period - Snap shot by Marcus Nilson.
11:05 of 2nd period - Stopped by Ilya Bryzgalov without a rebound.
11:06 of 2nd period - Marc Savard wins face-off versus Greg Campbell in Jets zone.
11:35 of 2nd period - Marek Zidlicky is hit by Blake Wheeler and loses puck.
11:58 of 2nd period - Darroll Powe is hit by Wade Redden.
12:15 of 2nd period - Chris Kelly is hit by Eric Brewer and loses puck.
12:28 of 2nd period - Penalty to Mikko Koivu is over, Mikko Koivu is back on ice.
12:41 of 2nd period - Kevin Bieksa is hit by Benoit Pouliot.
12:55 of 2nd period - Adam Deadmarsh is hit by Fredrik Sjostrom and loses puck.
13:51 of 2nd period - Wrist shot by Blake Wheeler.
13:51 of 2nd period - Shot Blocked by Eric Brewer.
14:19 of 2nd period - Wrist shot by Jason Ward.
14:19 of 2nd period - Stopped by Ilya Bryzgalov with a rebound.
14:21 of 2nd period - Slapshot by Wade Redden.
14:21 of 2nd period - Stopped by Ilya Bryzgalov with a rebound.
14:42 of 2nd period - Dmitri Kalinin is hit by Jan Bulis and loses puck.
15:00 of 2nd period - Adam Deadmarsh is hit by Ales Kotalik and loses puck.
16:29 of 2nd period - Tuomo Ruutu is hit by François Beauchemin.
17:45 of 2nd period - Snap shot by Darroll Powe.
17:45 of 2nd period - Shot Misses the Net.
17:47 of 2nd period - Snap shot by Darroll Powe.
17:47 of 2nd period - Shot Misses the Net.
18:22 of 2nd period - Blake Wheeler is hit by Eric Brewer and loses puck.
19:02 of 2nd period - Wrist shot by Darroll Powe.
19:02 of 2nd period - Stopped by Rick DiPietro with a rebound.
19:04 of 2nd period - Slapshot by Michal Rozsival.
19:04 of 2nd period - Deflect By Darroll Powe.
19:04 of 2nd period - Stopped by Rick DiPietro with a rebound.
19:12 of 2nd period - Wrist shot by Tuomo Ruutu.
19:12 of 2nd period - Stopped by Rick DiPietro with a rebound.
19:20 of 2nd period - Snap shot by François Beauchemin.
19:20 of 2nd period - Shot Misses the Net.
19:22 of 2nd period - Slapshot by Kevin Bieksa.
19:22 of 2nd period - Stopped by Ilya Bryzgalov with a rebound.
19:24 of 2nd period - Snap shot by Jan Bulis.
19:24 of 2nd period - Stopped by Ilya Bryzgalov without a rebound.
19:25 of 2nd period - Derek Roy wins face-off versus Marc Savard in Jets zone.
Goals for this period are 0 for Blue Jackets vs 0 for Jets.
Shots for this period are 12 for Blue Jackets vs 7 for Jets.
3rd period
0:01 of 3rd period - Marc Savard wins face-off versus Derek Roy in neutral zone.
0:05 of 3rd period - Off-side.
0:06 of 3rd period - Pavel Bure wins face-off versus Derek Roy in neutral zone.
1:02 of 3rd period - Branislav Mezei is hit by Michal Rozsival and loses puck.
1:37 of 3rd period - Wrist shot by Jason Ward.
1:37 of 3rd period - Shot Blocked by Mats Zuccarello.
1:39 of 3rd period - Wrist shot by Jason Ward.
1:39 of 3rd period - Shot Blocked by Colin White.
1:41 of 3rd period - Wrist shot by Jeff Taffe.
1:41 of 3rd period - Shot Hit the Post.
1:43 of 3rd period - Wrist shot by Jeff Taffe.
1:43 of 3rd period - Deflect By Jason Ward.
1:43 of 3rd period - Shot Blocked by Tuomo Ruutu.
1:43 of 3rd period - Puck is out of play.
1:44 of 3rd period - Mikko Koivu wins face-off versus Chris Kelly in Jets zone.
1:44 of 3rd period - Mikko Koivu is hit by Ramzi Abid.
1:47 of 3rd period - Minor Penalty to Mikko Koivu for Holding.
1:48 of 3rd period - Marc Savard wins face-off versus Darroll Powe in Jets zone.
1:52 of 3rd period - Snap shot by Marc Savard.
1:52 of 3rd period - Shot Misses the Net.
1:54 of 3rd period - Slapshot by David Booth.
1:54 of 3rd period - Stopped by Ilya Bryzgalov without a rebound.
1:55 of 3rd period - David Booth wins face-off versus Darroll Powe in Jets zone.
2:00 of 3rd period - Wrist shot by David Booth.
2:00 of 3rd period - Shot Misses the Net.
2:02 of 3rd period - Wrist shot by Marc Savard.
2:02 of 3rd period - Stopped by Ilya Bryzgalov with a rebound.
2:04 of 3rd period - Slapshot by François Beauchemin.
2:04 of 3rd period - Deflect By David Booth.
2:04 of 3rd period - Shot Misses the Net.
2:04 of 3rd period - Puck is out of play.
2:05 of 3rd period - Darroll Powe wins face-off versus David Booth in Jets zone.
2:18 of 3rd period - Michal Rozsival is hit by Marc Savard and loses puck.
2:31 of 3rd period - Michal Rozsival is hit by Branislav Mezei and loses puck.
3:47 of 3rd period - Penalty to Mikko Koivu is over, Mikko Koivu is back on ice.
4:04 of 3rd period - Snap shot by Jason Ward.
4:04 of 3rd period - Stopped by Ilya Bryzgalov without a rebound.
4:05 of 3rd period - Derek Roy wins face-off versus Dave Steckel in Jets zone.
4:32 of 3rd period - Greg Campbell is hit by David Booth and loses puck.
4:51 of 3rd period - Snap shot by Chris Kelly.
4:51 of 3rd period - Shot Misses the Net.
5:20 of 3rd period - Minor Penalty to Branislav Mezei for Charging.
5:21 of 3rd period - Derek Roy wins face-off versus Marc Savard in Blue Jackets zone.
5:28 of 3rd period - Wrist shot by Benoit Pouliot.
5:28 of 3rd period - Deflect By Derek Roy.
5:28 of 3rd period - Stopped by Rick DiPietro without a rebound.
5:29 of 3rd period - Marc Savard wins face-off versus Derek Roy in Blue Jackets zone.
5:54 of 3rd period - Wrist shot by Derek Roy.
5:54 of 3rd period - Shot Misses the Net.
5:56 of 3rd period - Wrist shot by Benoit Pouliot.
5:56 of 3rd period - Stopped by Rick DiPietro with a rebound.
5:58 of 3rd period - Snap shot by Ales Kotalik.
5:58 of 3rd period - Shot Misses the Net.
6:00 of 3rd period - Snap shot by Derek Roy.
6:00 of 3rd period - Shot Blocked by David Booth.
6:02 of 3rd period - Snap shot by Ales Kotalik.
6:02 of 3rd period - Stopped by Rick DiPietro with a rebound.
6:04 of 3rd period - Backhand shot by Niklas Hjalmarsson.
6:04 of 3rd period - Stopped by Rick DiPietro with a rebound.
6:06 of 3rd period - Wrist shot by Ales Kotalik.
6:06 of 3rd period - Goal by Ales Kotalik - Blue Jackets : 1 - Jets : 3.
6:07 of 3rd period - Jussi Jokinen wins face-off versus Chris Kelly in neutral zone.
6:57 of 3rd period - Wrist shot by Adam Burish.
6:57 of 3rd period - Stopped by Rick DiPietro with a rebound.
6:59 of 3rd period - Slapshot by Eric Brewer.
6:59 of 3rd period - Shot Misses the Net.
7:46 of 3rd period - Slapshot by Branislav Mezei.
7:46 of 3rd period - Stopped by Ilya Bryzgalov without a rebound.
7:47 of 3rd period - Derek Roy wins face-off versus Pavel Bure in Jets zone.
7:56 of 3rd period - Slapshot by Niklas Hjalmarsson.
7:56 of 3rd period - Stopped by Rick DiPietro without a rebound.
7:57 of 3rd period - Marc Savard wins face-off versus Derek Roy in Blue Jackets zone.
7:59 of 3rd period - Icing by Kevin Bieksa.
8:00 of 3rd period - Marc Savard wins face-off versus Derek Roy in Blue Jackets zone.
8:00 of 3rd period - Marc Savard is hit by Derek Roy.
8:06 of 3rd period - Backhand shot by Marc Savard.
8:06 of 3rd period - Shot Misses the Net.
8:24 of 3rd period - Snap shot by Marc Savard.
8:24 of 3rd period - Stopped by Ilya Bryzgalov without a rebound.
8:25 of 3rd period - Greg Campbell wins face-off versus Chris Kelly in Jets zone.
8:52 of 3rd period - Colin White is hit by Pavel Bure and loses puck.
9:52 of 3rd period - Snap shot by Wade Redden.
9:52 of 3rd period - Stopped by Ilya Bryzgalov with a rebound.
9:54 of 3rd period - Slapshot by Branislav Mezei.
9:54 of 3rd period - Stopped by Ilya Bryzgalov with a rebound.
10:28 of 3rd period - Wrist shot by Jason Ward.
10:28 of 3rd period - Deflect By Dave Steckel.
10:28 of 3rd period - Stopped by Ilya Bryzgalov with a rebound.
10:30 of 3rd period - Snap shot by Branislav Mezei.
10:30 of 3rd period - Stopped by Ilya Bryzgalov without a rebound.
10:31 of 3rd period - Mikko Koivu wins face-off versus David Booth in Jets zone.
10:31 of 3rd period - Mikko Koivu is hit by David Booth.
10:53 of 3rd period - Minor Penalty to Dmitri Kalinin for Roughing.
10:54 of 3rd period - Marc Savard wins face-off versus Darroll Powe in Jets zone.
12:04 of 3rd period - Adam Burish is hit by Branislav Mezei and loses puck.
12:28 of 3rd period - Icing by Marc Savard.
12:29 of 3rd period - Greg Campbell wins face-off versus Marcus Nilson in Blue Jackets zone.
12:53 of 3rd period - Penalty to Dmitri Kalinin is over, Dmitri Kalinin is back on ice.
13:48 of 3rd period - Dmitri Kalinin is hit by Adam Deadmarsh and loses puck.
14:06 of 3rd period - Slapshot by François Beauchemin.
14:06 of 3rd period - Shot Blocked by Mikko Koivu.
14:10 of 3rd period - Slapshot by Jason Ward.
14:10 of 3rd period - Shot Misses the Net.
14:12 of 3rd period - Slapshot by François Beauchemin.
14:12 of 3rd period - Shot Misses the Net.
14:14 of 3rd period - Slapshot by Kevin Bieksa.
14:14 of 3rd period - Shot Blocked by Eric Brewer.
14:48 of 3rd period - Minor Penalty to Blake Wheeler for Goalie Interference.
14:49 of 3rd period - Derek Roy wins face-off versus Marc Savard in Blue Jackets zone.
15:44 of 3rd period - Minor Penalty to Ales Kotalik for Delaying the game.
15:45 of 3rd period - Marc Savard wins face-off versus Benoit Pouliot in Jets zone.
16:31 of 3rd period - Wrist shot by Ramzi Abid.
16:31 of 3rd period - Deflect By Pavel Bure.
16:31 of 3rd period - Stopped by Ilya Bryzgalov with a rebound.
16:37 of 3rd period - Pavel Bure is hit by Greg Campbell and loses puck.
16:48 of 3rd period - Penalty to Blake Wheeler is over, Blake Wheeler is back on ice.
17:44 of 3rd period - Penalty to Ales Kotalik is over, Ales Kotalik is back on ice.
17:54 of 3rd period - Jason Ward is hit by Jussi Jokinen and loses puck.
18:09 of 3rd period - Icing by Ales Kotalik.
18:10 of 3rd period - Derek Roy wins face-off versus Jan Bulis in Jets zone.
18:15 of 3rd period - Mike Commodore is hit by Benoit Pouliot and loses puck.
18:20 of 3rd period - Slapshot by Ales Kotalik.
18:20 of 3rd period - Stopped by Rick DiPietro with a rebound.
18:22 of 3rd period - Wrist shot by Derek Roy.
18:22 of 3rd period - Shot Blocked by Mike Commodore.
18:24 of 3rd period - Backhand shot by Niklas Hjalmarsson.
18:24 of 3rd period - Stopped by Rick DiPietro without a rebound.
18:25 of 3rd period - Chris Kelly wins face-off versus Greg Campbell in Blue Jackets zone.
18:38 of 3rd period - Slapshot by Fredrik Sjostrom.
18:38 of 3rd period - Deflect By Mike Commodore.
18:38 of 3rd period - Shot Blocked by Mike Commodore.
18:38 of 3rd period - Puck is out of play.
18:39 of 3rd period - Chris Kelly wins face-off versus Greg Campbell in Blue Jackets zone.
19:10 of 3rd period - Off-side.
19:11 of 3rd period - Jan Bulis wins face-off versus Derek Roy in neutral zone.
19:14 of 3rd period - Wrist shot by Marcus Nilson.
19:14 of 3rd period - Deflect By Blake Wheeler.
19:14 of 3rd period - Shot Misses the Net.
19:14 of 3rd period - Puck is out of play.
19:15 of 3rd period - Jan Bulis wins face-off versus Greg Campbell in Jets zone.
19:16 of 3rd period - Snap shot by Blake Wheeler.
19:16 of 3rd period - Stopped by Ilya Bryzgalov without a rebound.
19:17 of 3rd period - Greg Campbell wins face-off versus Jan Bulis in Jets zone.
Goals for this period are 0 for Blue Jackets vs 1 for Jets.
Shots for this period are 11 for Blue Jackets vs 9 for Jets.
Output by the SimonT Hockey Simulator (STHS) for François Prévost -- Original Page W3C XHTML 1.0 Valid